 Dungeon Crawl Stone Soup version 0.18-a0-1426-g3b9a63c (webtiles) character file.

11 chei the Magician (level 2, 0/22 HPs)
             Began as a Naga Wizard on Feb 27, 2016.
             Slain by a giant newt (3 damage)
             ... on level 1 of the Dungeon.
             The game lasted 00:01:06 (1537 turns).

chei the Magician (Naga Wizard)                     Turns: 1537, Time: 00:01:06

Health: 0/22       AC:  3    Str:  9    XL:     2   Next: 29%
Magic:  6/6        EV:  6    Int: 18    God:
Gold:   46         SH:  0    Dex:  9    Spells: 1 memorised, 6 levels left

rFire  . . .     SeeInvis +     e - -2 dagger (curse)
rCold  . . .     Gourm    .     g - +0 scale mail
rNeg   . . .     Faith    .     (no shield)
rPois  +         Spirit   .     b - +0 hat
rElec  .         Dismiss  .     (no cloak)
rCorr  .         Reflect  .     (no gloves)
SustAt .         Harm     .     (no barding)
MR     .....                    (no amulet)
Stlth  +.........               (no ring)
                                (no ring)

@: short of breath, very slow, not resistant to hostile enchantments, very
unstealthy
A: see invisible, deformed body, poison resistance, slowness 2, slow metabolism
1, spit poison 2, AC +0
a: Spit Poison


You were on level 1 of the Dungeon.
You were hungry.

You visited 1 branch of the dungeon, and saw 1 of its levels.

You collected 46 gold pieces.

Inventory:

Hand Weapons
 e - a cursed -2 dagger (weapon)
 j - a +0 short sword
Armour
 a - a +0 robe
 b - a +0 hat (worn)
 g - a +0 scale mail (worn)
Scrolls
 f - 2 scrolls of identify
 h - a scroll of teleportation
Potions
 i - a potion of curing
Books
 c - a book of Minor Magic

   Spells                             Type                      Level
   a - Magic Dart                     Conjuration                  1
   b - Blink                          Translocation                2
   c - Call Imp                       Summoning                    2
   d - Repel Missiles                 Charms/Air                   2
   e - Slow                           Hexes                        2
   f - Conjure Flame                  Conjuration/Fire             3
   g - Mephitic Cloud                 Conjuration/Poison/Air       3
Comestibles
 d - a bread ration


   Skills:
 + Level 0.4 Short Blades
 + Level 0.1 Armour
 + Level 1.7 Dodging
 + Level 3.1 Stealth
 + Level 3.3 Spellcasting
 + Level 1.0 Conjurations
   Level 1.0 Summonings
   Level 1.0 Translocations


You had 6 spell levels left.
You knew the following spells:

 Your Spells              Type           Power        Failure   Level  Hunger
a - Magic Dart            Conj           #...         89%         1    None


Dungeon Overview and Level Annotations

Branches:
Dungeon (1/15)

Altars:


Innate Abilities, Weirdness & Mutations

You cannot wear boots.
Your serpentine skin is tough (AC +0).
You have supernaturally acute eyesight.
Armour fits poorly on your strangely shaped body.
Your system is resistant to poisons.
You cover ground very slowly.
You have a slow metabolism.
You can spit poison.


Message History

You are too injured to fight recklessly!
You are too injured to fight recklessly!
You hit the goblin.
The goblin is severely wounded.
The goblin hits you with a dagger.
* * * LOW HITPOINT WARNING * * *
You hit the goblin.
You kill the goblin!
Things that are here:
a dagger; a goblin corpse Unknown command.
A giant newt comes into view.
Unknown command.
Press: ? - help, Shift-Dir - straight line, f - kobold
Aim: a kobold, wielding a club The splash of poison misses the kobold.
You feel slightly more hungry.
Unknown command.
You closely miss the kobold. The kobold hits you but does no damage.
The giant newt bites you.
You die...

##...# #.....###########.# #.#
##...###.....###########.# #.#
....)'...............>.#.# #.#
##...###.....#######.###.#####.#
####################...........#
≈≈......###.....#.##.###.########
...≈≈≈......#.....##.....#.......
.≈.≈≈≈≈≈...##...#.##.#####.######
≈≈.≈.≈≈.≈..##..l@.##.# #.#
≈<≈≈≈..≈.≈.......K##.# #.#
≈≈≈≈≈≈≈......#.....#.# #.#
.≈≈≈≈..≈....##.....).# #.####
≈≈≈≈≈.≈≈≈....#.#..##.# #....#
..≈≈≈≈≈...#.......##.# ####.#
....≈≈≈..##....#####.# #.#
≈≈##............# #.# #.#
########........# ##.########.#


You could see a kobold and a giant newt.

Vanquished Creatures
  A dart slug (D:1)
  3 goblins (D:1)
  2 hobgoblins (D:1)
  A giant newt (D:1)
  A kobold (D:1)
  A rat (D:1)
9 creatures vanquished.

Notes
Turn   | Place    | Note
--------------------------------------------------------------
     0 | D:1      | chei the Naga Wizard began the quest for the Orb.
     0 | D:1      | Reached XP level 1. HP: 15/15 MP: 4/4
   513 | D:1      | Reached XP level 2. HP: 1/22 MP: 6/6
  1537 | D:1      | Slain by a giant newt

Vault maps used:
D:1:      dpeg_arrival_more_subterranean_lakeside_camping

Action                   || total
-------------------------++-------
Melee: Dagger            ||    79
 Abil: Spit Poison       ||     2
  Use: Scroll            ||     2
